cohdb
Replays
Latest Replays
All Replays
Popular Replays
Top Player Replays
Match Explorer
How It Works
Community
CoH3 Stats
Reddit
Sign in to upload your games and track your stats! →
Sign in with Steam
Match 25242807
Unlisted
Match 25242807
Overview
Messages
Build Orders
End
Vickers Machine Gun Team
Selects Indian Artillery Battlegroup
Construct Section Command Post
Dingo Light Scout Car
Infantry Section
Infantry Section
Construct Platoon Command Post
Unlock M3 Stuart Light Tanks
M3 Stuart Light Tank
CMP 15cwt Truck
6-pounder Anti-tank Gun Team
Selects Valour
Selects Gurkha Rifles Section
Royal Engineer Section
Grenade Package
Construct Company Command Post
Unlock M3 Grant Medium Tanks
Selects Volunteer Infantry
Selects Artillery Saturation
M3 Grant Medium Tank
M3 Grant Medium Tank
Armored Vehicle Training
M3 Grant Medium Tank
MAD NOOB
ChrisRollo
きめぇ丸
trump
RommelF
^3
sir lechu
WЇЌĭήğ§* ★assasin
0
0
Comments
sign in to comment!
No comments posted yet!